 Dungeon Crawl Stone Soup version 0.21-a0-71-g5e5ddd2 (webtiles) character file.

909 xgamer67 the Basher (level 8, -3/58 HPs)
             Began as a Gnoll Skald on June 19, 2017.
             Was an Initiate of Okawaru.
             Killed by nerve-wracking pain
             ... invoked by Menkaure
              (7 damage)
             ... on level 5 of the Dungeon.
             The game lasted 00:20:44 (6699 turns).

xgamer67 the Basher (Gnoll Skald)                   Turns: 6699, Time: 00:20:45

Health: -3/58      AC:  4    Str: 11    XL:     8   Next: 8%
Magic:  6/17       EV: 13    Int: 15    God:    Okawaru [......]
Gold:   106        SH:  5    Dex: 13    Spells: 10/19 levels left

rFire    . . .     SeeInvis .   a - +0 flail (freeze)
rCold    . . .     Gourm    .   u - +0 buckler
rNeg     . . .     Faith    .   b - +0 leather armour
rPois    .         Spirit   .   f - +0 helmet
rElec    .         Reflect  .   (no cloak)
rCorr    .         Harm     .   (no gloves)
MR       .....                  (no boots)
Stlth    +.........             (no amulet)
HPRegen  0.19/turn              i - ring of wizardry
MPRegen  0.15/turn              (no ring)

@: lethally poisoned (-3 -> -4), infused (expiring)
A: short attention span, fangs 1, strong nose
a: Renounce Religion


You were on level 5 of the Dungeon.
You worshipped Okawaru.
Okawaru was noncommittal.
You were very hungry.

You visited 2 branches of the dungeon, and saw 6 of its levels.

You collected 199 gold pieces.
You spent 93 gold pieces at shops.

Inventory:

Hand Weapons
 a - a +0 flail of freezing (weapon)
Missiles
 c - 15 tomahawks (quivered)
 y - 4 javelins
Armour
 b - a +0 leather armour (worn)
 f - a +0 helmet (worn)
 m - a +0 scale mail
 t - a +0 ring mail
 u - a +0 buckler (worn)
Jewellery
 i - a ring of wizardry (left hand)
Scrolls
 e - a scroll of magic mapping
 g - 2 scrolls of immolation
 j - 3 scrolls of remove curse
 o - a scroll of amnesia
 v - a scroll of enchant weapon
 z - a scroll of teleportation
Potions
 h - a potion of heal wounds
 k - 2 potions of flight
 l - a potion of mutation
 p - 2 potions of might
 q - a potion of agility
 B - a potion of invisibility
Comestibles
 d - 5 bread rations
 n - a meat ration
 r - a royal jelly
 s - a fruit


   Skills:
 - Level 3.2 Fighting
 + Level 8.2 Maces & Flails
 - Level 1.7 Armour
 - Level 3.2 Dodging
 - Level 4.1 Shields
 - Level 6.0 Spellcasting
 - Level 3.0 Hexes
 + Level 7.0 Charms
 - Level 3.0 Necromancy
 - Level 3.1 Translocations


You had 10 spell levels left.
You knew the following spells:

 Your Spells              Type           Power        Failure   Level  Hunger
a - Infusion              Chrm           ####         1%          1    None
b - Shroud of Golubria    Chrm/Tloc      ###.......   1%          2    #......
c - Regeneration          Chrm/Necr      ###.......   3%          3    ##.....
d - Spectral Weapon       Hex/Chrm       ###.....     3%          3    ##.....


Dungeon Overview and Level Annotations

Branches:
Dungeon (5/15)             Temple (1/1) D:4

Altars:
Cheibriados
Dithmenos
Elyvilon
Fedhas
Gozag
Hepliaklqana
Kikubaaqudgha
Makhleb
Nemelex Xobeh
Okawaru
Qazlal
Ru
Sif Muna
Trog
Uskayaw
Vehumet
Wu Jian
Xom
Yredelemnul
Zin
The Shining One

Shops:
D:4 *

Annotations:
D:3 Sigmund
D:5 1 transporter, Menkaure


Innate Abilities, Weirdness & Mutations

You have a short attention span.
You have very sharp teeth.
Your uncanny sense of smell can sniff out nearby items.


Message History

Menkaure is severely damaged.
You block Menkaure's attack.
You hit Menkaure.
Menkaure is severely damaged.
Your magical infusion is running out.
Menkaure casts a spell.
Menkaure seems to speed up.
You barely miss Menkaure.
Menkaure is severely damaged.
Menkaure calls on the powers of darkness!
Your body is wracked with pain!
* * * LOW HITPOINT WARNING * * *
You closely miss Menkaure.
Menkaure is severely damaged.
You feel sick. You block Menkaure's attack.
You closely miss Menkaure.
Menkaure is severely damaged.
Menkaure gestures at you while chanting.
Pain shoots through your body!
You die...

#.#####
#####...####
#.#
#...........
#.#
#.#########.
#.# ####.# #.#
#....# ∆ #.#
#.##.# #.#
#.##.#
#.#####.##.#
#...@M..##.#
#######[##.#
#.##.# #.##.#
#g##.# #g##.#
+#### #.##.#
/..P# #g##.#
..P
#...S#########.


You could see Menkaure.

Vanquished Creatures
  A scorpion (D:5)
  2 bullfrog zombies (D:5)
  2 orc priests (D:4)
  2 hounds
  Jessica (D:3)
  An iguana (D:5)
  10 orc wizards (D:4)
  3 worker ants (D:4)
  A hound skeleton (D:4)
  8 gnolls
  4 adders
  A shadow imp (D:5)
  An ooze (D:1)
  3 worms
  A dart slug (D:1)
  5 leopard geckos
  20 orcs
  5 giant cockroaches
  6 goblins
  9 hobgoblins
  14 jackals
  9 kobolds
  A ball python (D:2)
  10 bats
  8 frilled lizards
  12 rats
140 creatures vanquished.

Vanquished Creatures (others)
  A plant (D:4)
1 creature vanquished.

Grand Total: 141 creatures vanquished

Notes
Turn   | Place    | Note
-------+----------+-------------------------------------------
     0 | D:1      | xgamer67 the Gnoll Skald began the quest for the Orb.
     0 | D:1      | Reached XP level 1. HP: 18/18 MP: 5/5
    46 | D:1      | Reached skill level 4 in Maces & Flails
    82 | D:1      | Reached XP level 2. HP: 17/24 MP: 6/6
   572 | D:1      | Reached skill level 5 in Maces & Flails
   646 | D:1      | Reached XP level 3. HP: 22/29 MP: 1/8
   650 | D:1      | Learned a level 2 spell: Shroud of Golubria
   654 | D:1      | Learned a level 3 spell: Regeneration
   658 | D:1      | Learned a level 3 spell: Spectral Weapon
   903 | D:1      | Reached skill level 5 in Charms
  1462 | D:2      | Reached skill level 6 in Maces & Flails
  1819 | D:2      | Reached XP level 4. HP: 35/35 MP: 6/9
  2804 | D:3      | Reached skill level 1 in Shields
  3056 | D:3      | Reached XP level 5. HP: 36/41 MP: 11/11
  3147 | D:3      | Noticed Jessica
  3157 | D:3      | Killed Jessica
  3249 | D:3      | Noticed Sigmund
  3596 | D:4      | Reached skill level 5 in Spellcasting
  3673 | D:4      | Reached skill level 1 in Hexes
  3950 | D:4      | Reached skill level 1 in Necromancy
  3950 | D:4      | Reached XP level 6. HP: 15/47 MP: 7/13
  4633 | D:4      | Reached skill level 7 in Maces & Flails
  4651 | D:4      | Reached XP level 7. HP: 5/52 MP: 0/16
  4652 | D:4      | HP: 2/52 [orc/flail (3)]
  5104 | D:4      | Found Moten's Assorted Antiques.
  5160 | D:4      | Reached skill level 1 in Translocations
  5427 | D:4      | Bought a scroll of identify for 48 gold pieces
  5427 | D:4      | Bought a viscous silvery potion for 21 gold pieces
  5427 | D:4      | Bought a scroll labeled CYSASOU IDACI for 24 gold pieces
  5806 | D:4      | Found a staircase to the Ecumenical Temple.
  5813 | Temple   | Entered the Ecumenical Temple
  5920 | Temple   | Became a worshipper of Warmaster Okawaru
  6175 | D:5      | Entered Level 5 of the Dungeon
  6549 | D:5      | Reached skill level 8 in Maces & Flails
  6641 | D:5      | Found a transporter.
  6660 | D:5      | Noticed Menkaure
  6660 | D:5      | Reached XP level 8. HP: 38/58 MP: 11/17
  6699 | D:5      | Killed from afar by Menkaure

Vault maps used:
D:1:      onia_arrival_mini_maze_b, minmay_box_of_dots
D:3:      minmay_misc_feat_encased, minivault_26, roderic_lattice_a,
          uniq_sigmund, uniq_jessica
D:4:      minmay_temple_entry_hall, first_bread, serial_shops,
          nicolae_shop_overgrown_old_shop
D:5:      gammafunk_wand_slinger, ashenzari_altar_1, uniq_menkaure
Temple:   compressed_dpeg_circular_temple

Skill      XL: |  1  2  3  4  5  6  7  8 |
---------------+-------------------------+-----
Maces & Flails | 4 5 6 7 8 |  8.2
Charms         | 5 6 7 |  7.0
Spellcasting   | 4 5 6 |  6.0
Shields        | 1 3 4 |  4.1
Hexes          | 1 2 3 |  3.0
Necromancy     | 1 2 3 |  3.0
Translocations | 3 |  3.1
Fighting       | |  3.2
Armour         | |  1.7
Dodging        | |  3.2

Action                   |  1- 3 |  4- 6 |  7- 9 || total
-------------------------+-------+-------+-------++-------
Melee: Mace              |   140 |    71 |       ||   211
       Bite              |    12 |    18 |    16 ||    46
       Flail             |       |   201 |   167 ||   368
Throw: Tomahawk          |     2 |       |       ||     2
 Cast: Infusion          |     3 |    11 |    10 ||    24
       Shroud of Golubri |     4 |    11 |    10 ||    25
       Spectral Weapon   |     1 |       |     1 ||     2
  Use: Scroll            |       |    12 |     6 ||    18
       Potion            |       |     1 |     1 ||     2
 Stab: Sleeping          |       |     1 |       ||     1
       Distracted        |       |     1 |       ||     1
  Eat: Chunk             |     1 |     9 |     6 ||    16
       Fruit             |     1 |     2 |       ||     3
Armor: Leather armour    |    35 |    84 |    25 ||   144
Dodge: Dodged            |    85 |   168 |    81 ||   334
Block: Buckler           |       |    46 |    34 ||    80
